 Dungeon Crawl Stone Soup version 0.28.0-53-g5a82cb258f (webtiles) character file.

Game seed: 11657636339847005254

22 bnorton916 the Firebug (level 2, -2/15 HPs)
             Began as a Deep Elf Fire Elementalist on June 4, 2022.
             Slain by a goblin
             ... wielding a +0 club
             ... led by Robin
              (4 damage)
             ... on level 2 of the Dungeon.
             The game lasted 00:01:15 (1288 turns).

bnorton916 the Firebug (Deep Elf Fire Elementalist) Turns: 1288, Time: 00:01:16

Health: -2/15      AC:  2    Str:  5    XL:     2   Next: 68%
Magic:  7/8        EV: 12    Int: 19    God:
Gold:   28         SH:  0    Dex: 15    Spells: 7/8 levels left

rFire   . . .      SeeInvis .   (no weapon)
rCold   . . .      Faith    .   (no shield)
rNeg    . . .      Spirit   .   a - +0 robe
rPois   .          Reflect  .   (no helmet)
rElec   .          Harm     .   (no cloak)
rCorr   .          Rampage  .   (no gloves)
Will    .....                   (no boots)
Stlth   ++........              (no amulet)
HPRegen 0.05/turn               (no ring)
MPRegen 0.11/turn               (no ring)

@: no status effects
A: no striking features
a: no special abilities


You were on level 2 of the Dungeon.
You visited 1 branch of the dungeon, and saw 2 of its levels.

You collected 28 gold pieces.

Inventory:

Missiles
 b - 89 stones
Armour
 a - a +0 robe (worn)
Jewellery
 d - an amulet of reflection
Scrolls
 e - a scroll of torment {unknown}
 f - a scroll of silence {unknown}
Potions
 c - 2 potions of flight {unknown}


   Skills:
 - Level 2.4 Dodging
 - Level 2.4 Stealth
 + Level 3.5 Spellcasting
 + Level 1.9 Conjurations
 + Level 3.7 Fire Magic


You had 7 spell levels left.
You knew the following spells:

 Your Spells              Type           Power      Damage    Failure   Level
a - Foxfire               Conj/Fire      56%        2x1d6     4%          1

Your spell library contained the following spells:

 Spells                   Type           Power      Damage    Failure   Level
 Scorch                   Fire           34%        2d7       4%          2
 Conjure Flame            Conj/Fire      14%        6-21      14%         3
 Inner Flame              Hex/Fire       10%        N/A       21%         3
 Flame Wave               Conj/Fire      14%        2d6       41%         4


Dungeon Overview and Level Annotations

Branches:
Dungeon (2/15)

Altars:

Shops:
D:1 *(

Annotations:
D:2 Robin


Message History

You climb downwards.
Level annotation: Robin
Found 24 stones.
There is a stone staircase leading up here.
A goblin comes into view. It is wielding a +0 club.
Casting: Foxfire (safe; 4% risk of failure)
Confirm with . or Enter, or press ? or * to list all spells.
You conjure some foxfire!
The foxfire hits the goblin.
The goblin is severely wounded.
The foxfire hits the goblin.
You kill the goblin!
Casting: Foxfire (safe; 4% risk of failure)
Confirm with . or Enter, or press ? or * to list all spells.
You conjure some foxfire!
Your foxfire dissipates! x2
b - 89 stones (gained 24)
Found a club.
You see here a +0 club.
A goblin comes into view. It is wielding a +0 dagger.
Found 3 scrolls labelled LACUPO GIDWOAPP.
A goblin comes into view. It is wielding a +0 dagger.
Casting: Foxfire (safe; 4% risk of failure)
Confirm with . or Enter, or press ? or * to list all spells.
You conjure some foxfire!
The goblin shouts! x2; You hear a shout! x3
A goblin comes into view. It is wielding a +0 club.
The foxfire hits the goblin.
You kill the goblin!
A hobgoblin comes into view.
The goblin unwields a +0 dagger.
The goblin wields a +0 hunting sling.
The goblin shoots a stone.
The stone hits you.
Your foxfire dissipates!
The goblin unwields a +0 dagger.
The goblin wields a +0 hunting sling.
The goblin shoots a stone.
The stone hits you.
* * * LOW HITPOINT WARNING * * *
Robin throws the goblin at you!
* * * LOW HITPOINT WARNING * * *
The goblin hits you with a +0 club.
You die...

#.........################.....
#..........................)...
#.........################.....
######...## #..... ###)##
#..... #..#### ### #####.
##....# ...? #. ####.#### .....
#< #..@g##....g. #.
####......g.. #. ####...g.. #.
...g. .. .... .. ).. .. .. ...
.


You could see 3 goblins.

Vanquished Creatures
  2 bats
  3 giant cockroaches (D:2)
  3 goblins
  4 hobgoblins (D:1)
  2 quokkas
  A ball python (D:1)
  A frilled lizard (D:1)
  2 kobolds (D:1)
  A rat (D:1)
19 creatures vanquished.

Vanquished Creatures (others)
  92 foxfires
92 creatures vanquished.

Grand Total: 111 creatures vanquished

Notes
Turn   | Place    | Note
-------+----------+-------------------------------------------
     0 | D:1      | bnorton916 the Deep Elf Fire Elementalist began the quest
                  | for the Orb.
     0 | D:1      | Reached XP level 1. HP: 10/10 MP: 6/6
    90 | D:1      | Found Ufrewe Zifo's Weapon Shop.
   394 | D:1      | Found Elubbity's General Store.
   514 | D:1      | Found a faded altar of an unknown god.
   624 | D:1      | Reached XP level 2. HP: 15/15 MP: 6/8
  1217 | D:2      | Noticed Robin
  1288 | D:2      | Slain by a goblin

Illustrated notes

Levels and vault maps discovered:
D:1:      minmay_arrival_up_and_down, layout_rooms, basic_ecumenical_altar,
          serial_shops, nicolae_shop_window_shopping, shop_statue,
          nrook_mini_backslash, grunt_decor_arrowhead,
          hangedman_decor_clover_reticule
D:2:      layout_rooms, minmay_worlds_worst_comb, uniq_robin

Action                   || total
-------------------------++-------
 Cast: Foxfire           ||    52
Dodge: Dodged            ||     5
